 Dungeon Crawl Stone Soup version 0.27.1-1-g398f81649c (webtiles) character file.

Game seed: 17302892873591079876

13 MisterFreud the Cutter (level 2, 0/29 HPs)
             Began as a Gnoll Wanderer on Sept 20, 2021.
             Slain by a bat (1 damage)
             ... on level 1 of the Dungeon.
             The game lasted 00:00:50 (468 turns).

MisterFreud the Cutter (Gnoll Wanderer)              Turns: 468, Time: 00:00:51

Health: 0/29       AC:  2    Str: 12    XL:     2   Next: 37%
Magic:  2/2        EV: 11    Int: 12    God:
Gold:   24         SH:  0    Dex:  9    Spells: 1/1 levels left

rFire    . . .     SeeInvis .   a - +2 short sword
rCold    . . .     Faith    .   (no shield)
rNeg     . . .     Spirit   .   c - +0 robe
rPois    .         Reflect  .   (no helmet)
rElec    .         Harm     .   e - scarf {+Inv}
rCorr    .         Rampage  .   (no gloves)
Will     .....                  (no boots)
Stlth    ++........             (no amulet)
HPRegen  0.09/turn              (no ring)
MPRegen  0.08/turn              (no ring)

@: no status effects
A: fangs 1, strong nose, distributed training
a: Evoke Invisibility


You were on level 1 of the Dungeon.
You visited 1 branch of the dungeon, and saw 2 of its levels.

You collected 24 gold pieces.

Inventory:

Hand Weapons
 a - a +2 short sword (weapon)
Armour
 c - a +0 robe (worn)
 e - a scarf of invisibility (worn)
Scrolls
 d - a scroll of identify {unknown}
 f - a scroll of immolation {unknown}
Potions
 b - 2 potions of curing
 g - a potion of haste {unknown}


   Skills:
 + Level 6.5 Fighting
 + Level 6.5 Short Blades
 + Level 0.4 Long Blades
 + Level 2.5 Axes
 + Level 0.4 Maces & Flails
 + Level 0.4 Polearms
 + Level 0.4 Staves
 + Level 0.4 Slings
 + Level 0.4 Bows
 + Level 0.4 Crossbows
 + Level 2.5 Throwing
 + Level 2.5 Armour
 + Level 0.4 Dodging
 + Level 2.2 Stealth
 + Level 0.4 Shields
 + Level 0.4 Unarmed Combat
 + Level 0.4 Spellcasting
 + Level 0.2 Conjurations
 + Level 0.2 Hexes
 + Level 0.2 Summonings
 + Level 0.2 Necromancy
 + Level 0.2 Translocations
 + Level 0.2 Transmutations
 + Level 0.2 Fire Magic
 + Level 0.2 Ice Magic
 + Level 0.2 Air Magic
 + Level 0.2 Earth Magic
 + Level 0.2 Poison Magic
 + Level 0.5 Invocations
 + Level 0.4 Evocations


You had one spell level left.
You didn't know any spells.
Your spell library was empty.

Dungeon Overview and Level Annotations

Branches:
Dungeon (2/15)

Altars:


Innate Abilities, Weirdness & Mutations

You have very sharp teeth.
Your uncanny sense of smell can sniff out nearby items.
Your experience applies equally to all skills.


Message History

The ball python is moderately wounded.
The ball python bites you. The ball python constricts you.
You escape the ball python's grasp.
The quokka bites you. The bat hits you. The quokka bites you.
The bat barely misses you. The quokka barely misses you.
You closely miss the quokka. The quokka barely misses you.
You closely miss the quokka. The quokka bites you.
You hit the quokka but do no damage. Your bite misses the quokka.
The quokka bites you.
You are too injured to fight recklessly!
You hit the quokka but do no damage. The quokka bites you.
* * * LOW HITPOINT WARNING * * *
You barely miss the quokka. You bite the quokka, but do no damage.
The quokka bites you.
* * * LOW HITPOINT WARNING * * *
You are too injured to fight recklessly!
You hit the quokka.
The quokka is almost dead.
The quokka closely misses you. The quokka closely misses you.
You hit the quokka.
You kill the quokka!
The ball python bites you.
* * * LOW HITPOINT WARNING * * *
The ball python barely misses you.
You hit the ball python but do no damage.
The ball python is moderately wounded.
The ball python bites you.
* * * LOW HITPOINT WARNING * * *
The ball python closely misses you.
You hit the ball python.
You kill the ball python!
The bat hits you but does no damage. The bat barely misses you.
The bat barely misses you. The bat hits you.
* * * LOW HITPOINT WARNING * * *
The bat misses you. The bat hits you.
You die...

.....######.#######
.######†#.............!.
........................
#######..........#......
#.######.#..r.....
##########.######.#bS......
...............##.#........
###############.###.##r#........
................@br..#.#........
####.###############.#b#........
#.## #.#.#........
####..##############...#........
.......................##.######
.......................#
≈≈≈≈≈≈≈≈≈≈≈≈≈≈≈≈≈≈≈....#
≈≈≈≈≈≈≈≈≈≈≈≈≈≈≈≈≈≈≈....#
≈≈≈≈≈≈≈≈≈≈≈≈≈≈≈≈≈≈≈....#


You could see a quokka and a bat.

Vanquished Creatures
  A worm (D:2)
  2 bats (D:1)
  A goblin (D:2)
  A hobgoblin (D:1)
  A kobold (D:2)
  A quokka (D:1)
  A ball python (D:1)
  A frilled lizard (D:2)
  A rat (D:1)
10 creatures vanquished.

Notes
Turn   | Place    | Note
-------+----------+-------------------------------------------
     0 | D:1      | MisterFreud the Gnoll Wanderer began the quest for the Orb.
     0 | D:1      | MisterFreud set off with the following items: a +2 short
                  | sword, 2 potions of curing, a +0 robe
     0 | D:1      | Reached XP level 1. HP: 23/23 MP: 1/1
   264 | D:2      | Reached XP level 2. HP: 29/29 MP: 2/2
   467 | D:1      | HP: 1/29 [bat (1)]
   468 | D:1      | Slain by a bat

Illustrated notes

Levels and vault maps discovered:
D:1:      dpeg_arrival_castle, layout_basic
D:2:      layout_basic, ebering_ecumenical_altar_petrified,
          minmay_misc_feat_encased, minmay_misc_feat_rows,
          kennysheep_generic_room_10

Action                   || total
-------------------------++-------
Melee: Short sword       ||    32
       Bite              ||     2
 Stab: Sleeping          ||     1
Armor: Robe              ||     3
Dodge: Dodged            ||    22
